 Dungeon Crawl Stone Soup version 0.21-a0-498-g1b60429 (webtiles) character file.

31 wvc the Sneak (level 3, 0/31 HPs)
             Began as a Gnoll Wanderer on Nov 24, 2017.
             Slain by an adder (2 damage)
             ... on level 2 of the Dungeon.
             The game lasted 00:02:21 (828 turns).

wvc the Sneak (Gnoll Wanderer)                       Turns: 828, Time: 00:02:22

Health: 0/31       AC:  2    Str: 16    XL:     3   Next: 22%
Magic:  3/3        EV: 11    Int: 14    God:
Gold:   50         SH:  0    Dex: 13    Spells: 3/3 levels left

rFire    . . .     SeeInvis .   k - +1 short sword (drain)
rCold    . . .     Gourm    .   (no shield)
rNeg     . . .     Faith    .   e - +0 robe
rPois    .         Spirit   .   (no helmet)
rElec    .         Reflect  .   (no cloak)
rCorr    .         Harm     .   (no gloves)
MR       .....                  (no boots)
Stlth    +++.......             (no amulet)
HPRegen  0.10/turn              (no ring)
MPRegen  0.08/turn              (no ring)

@: lethally poisoned (0 -> -6), drained
A: distributed training, fangs 1, strong nose
a: no special abilities


You were on level 2 of the Dungeon.
You were not hungry.

You visited 1 branch of the dungeon, and saw 2 of its levels.

You collected 50 gold pieces.

Inventory:

Hand Weapons
 a - a +2 dagger
 c - a +0 spear
 d - a +0 quarterstaff
 k - a +1 short sword of draining (weapon)
Armour
 e - a +0 robe (worn)
Scrolls
 b - a scroll of blinking
 g - a scroll of identify {unknown}
 j - a scroll of immolation {unknown}
Potions
 i - a potion of brilliance {unknown}
 l - 2 potions of curing {unknown}
 m - a potion of degeneration {unknown}
Comestibles
 f - a bread ration
 h - a meat ration


   Skills:
 + Level 4.5(4.1) Fighting
 + Level 0.6(0.3) Short Blades
 + Level 4.5(4.1) Long Blades
 + Level 0.6(0.3) Axes
 + Level 0.6(0.3) Maces & Flails
 + Level 0.6(0.3) Polearms
 + Level 4.5(4.1) Staves
 + Level 0.6(0.3) Slings
 + Level 0.6(0.3) Bows
 + Level 0.6(0.3) Crossbows
 + Level 2.5(2.2) Throwing
 + Level 0.6(0.3) Armour
 + Level 0.6(0.3) Dodging
 + Level 5.9(5.6) Stealth
 + Level 0.6(0.3) Shields
 + Level 0.6(0.3) Unarmed Combat
 + Level 0.6(0.3) Spellcasting
 + Level 0.4(0.1) Conjurations
 + Level 0.4(0.1) Hexes
 + Level 0.4(0.1) Charms
 + Level 0.4(0.1) Summonings
 + Level 0.4(0.1) Necromancy
 + Level 0.4(0.1) Translocations
 + Level 0.4(0.1) Transmutations
 + Level 0.4(0.1) Fire Magic
 + Level 0.4(0.1) Ice Magic
 + Level 0.4(0.1) Air Magic
 + Level 0.4(0.1) Earth Magic
 + Level 0.4(0.1) Poison Magic
 + Level 0.8(0.4) Invocations
 + Level 0.6(0.3) Evocations


You had 3 spell levels left.
You didn't know any spells.

Dungeon Overview and Level Annotations

Branches:
Dungeon (2/15)

Altars:
Gozag


Innate Abilities, Weirdness & Mutations

Your experience applies equally to all skills.
You have very sharp teeth.
Your uncanny sense of smell can sniff out nearby items.


Message History

You feel sick. The adder barely misses you. x2
You closely miss the adder.
The adder is moderately wounded.
The adder bites you.
You hit the adder but do no damage.
The adder is moderately wounded.
You feel sick. The adder bites you.
* * * LOW HITPOINT WARNING * * *
The adder bites you.
* * * LOW HITPOINT WARNING * * *
You are more poisoned.
The adder poisons you!
You closely miss the adder.
The adder is moderately wounded.
The adder barely misses you.
You barely miss the adder.
The adder is moderately wounded.
* * * LOW HITPOINT WARNING * * *
You feel sick. The adder bites you.
You die...

.8# ..## ..8 ### ..# $.
.8 .. ## ∆ .### ## ..#
###..
############.######....).
.....).......##S@)†.#
############.)((##### #
#.#......... #
...########## # #.##.#
##### ### #.# .)..##..
#.# ###.... #.# ..#..#
#.#


You could see an adder.

Vanquished Creatures
  A dart slug (D:1)
  4 giant cockroaches
  4 goblins
  3 hobgoblins (D:2)
  6 kobolds
  4 bats
  3 rats (D:1)
25 creatures vanquished.

Notes
Turn   | Place    | Note
-------+----------+-------------------------------------------
     0 | D:1      | wvc the Gnoll Wanderer began the quest for the Orb.
     0 | D:1      | wvc set off with: a +2 dagger, a scroll of blinking, a +0 spear, a +0 quarterstaff, a +0 robe, a bread ration
     0 | D:1      | Reached XP level 1. HP: 20/20 MP: 1/1
   104 | D:1      | Reached XP level 2. HP: 25/26 MP: 2/2
   702 | D:2      | Reached XP level 3. HP: 31/31 MP: 3/3
   718 | D:2      | Found an opulent altar of Gozag.
   828 | D:2      | Slain by an adder

Vault maps used:
D:1:      lemuel_arrival_rhombus
D:2:      nicolae_overflow_hidden_temple, grunt_gozag_breadcrumbs

Action                   || total
-------------------------++-------
Melee: Quarterstaff      ||    18
       Dagger            ||     6
       Bite              ||     4
       Short sword       ||    43
 Stab: Sleeping          ||     4
Armor: Robe              ||    11
Dodge: Dodged            ||    37

Table legend:
 A = Spawn XP
 B = Non-spawn XP
 C = Spawn XP percentage of total XP
 D = Spawn monster count
 E = Non-spawn monster count
 F = Spawn count percentage of total count
 G = Total turns spent on level
                    A         B        C        D         E        F      G
               +---------+---------+-------+---------+---------+-------+---------
         Total |       0 |      45 |   0.0 |       0 |      25 |   0.0 |   828
               +---------+---------+-------+---------+---------+-------+---------
           D:1 |       0 |      23 |   0.0 |       0 |      13 |   0.0 |   674
           D:2 |       0 |      22 |   0.0 |       0 |      12 |   0.0 |   154
               +---------+---------+-------+---------+---------+-------+---------
